 Dungeon Crawl Stone Soup version 0.29.1-15-g9cfb28693d (webtiles) character file.

Game seed: 17888718257249803468

45 wortelefant the Grasshopper (level 3, -4/31 HPs)
             Began as a Gnoll Warper on Feb 25, 2023.
             Was an Initiate of Ru.
             Slain by a gnoll
             ... wielding a +0 spear
              (6 damage)
             ... on level 3 of the Dungeon on Feb 26, 2023.
             The game lasted 00:15:56 (1170 turns).

wortelefant the Grasshopper (Gnoll Warper)          Turns: 1170, Time: 00:15:58

Health: -4/31      AC:  3    Str: 12    XL:     3   Next: 64%
Magic:  9/9        EV: 12    Int: 12    God:    Ru [......]
Gold:   89         SH:  0    Dex: 11    Spells: 12/12 levels left

rFire   . . .      SeeInvis .   a - +0 mace
rCold   . . .      Faith    .   (no shield)
rNeg    . . .      Spirit   .   b - +0 leather armour
rPois   .          Reflect  .   (no helmet)
rElec   .          Harm     .   (no cloak)
rCorr   .          Rampage  .   (no gloves)
Will    .....                   (no boots)
Stlth   +.........              (no amulet)
HPRegen 0.10/turn               (no ring)
MPRegen 0.11/turn               (no ring)

@: no status effects
A: fangs 1, strong nose, distributed training, no potion heal 1, MP-powered
wands, devolution 1
a: Renounce Religion, Sacrifice Stealth, Sacrifice Words, Sacrifice Courage,
Reject Sacrifices


You were on level 3 of the Dungeon.
You worshipped Ru.
Ru was noncommittal.
You visited 1 branch of the dungeon, and saw 3 of its levels.

You collected 89 gold pieces.

Inventory:

Hand Weapons
 a - a +0 mace (weapon)
 g - a +0 sling
 h - a +0 long sword
Missiles
 p - 5 stones (quivered)
Armour
 b - a +0 leather armour (worn)
 k - a +0 leather armour
Scrolls
 c - a scroll of blinking
 d - a scroll of brand weapon {unknown}
 e - a scroll of fog {unknown}
 i - 2 scrolls of identify {unknown}
 o - a scroll of amnesia {unknown}
 q - a scroll of teleportation {unknown}


   Skills:
 + Level 4.6 Fighting
 + Level 1.0 Short Blades
 + Level 1.0 Long Blades
 + Level 1.0 Axes
 + Level 4.6 Maces & Flails
 + Level 1.0 Polearms
 + Level 1.0 Staves
 + Level 1.0 Ranged Weapons
 + Level 2.6 Throwing
 + Level 2.6 Armour
 + Level 4.6 Dodging
 + Level 1.0 Stealth
 + Level 1.0 Shields
 + Level 1.0 Unarmed Combat
 + Level 5.0 Spellcasting
 + Level 0.7 Conjurations
 + Level 0.7 Hexes
 + Level 0.7 Summonings
 + Level 0.7 Necromancy
 + Level 5.4 Translocations
 + Level 0.7 Transmutations
 + Level 0.7 Fire Magic
 + Level 0.7 Ice Magic
 + Level 0.7 Air Magic
 + Level 0.7 Earth Magic
 + Level 0.7 Poison Magic
 + Level 1.0 Invocations
 + Level 1.0 Evocations


You had 12 spell levels left.
You didn't know any spells.
Your spell library contained the following spells:

 Spells                   Type           Power      Damage    Failure   Level
 Blink                    Tloc           32%        N/A       4%          2
 Gell's Gravitas          Tloc           16%        N/A       9%          3
 Lesser Beckoning         Tloc           16%        N/A       9%          3
 Teleport Other           Tloc           16%        N/A       9%          3
 Poisonous Vapours        Pois/Air       8%         N/A       28%         2
 Static Discharge         Conj/Air       4%         3-4/arc   28%         2
 Mephitic Cloud           Conj/Pois/Air  4%         N/A       50%         3
 Manifold Assault         Tloc           16%        N/A       58%         5
 Summon Lightning Spire   Summ/Air       4%         N/A       88%         4
 Iskenderun's Battlesphe  Conj           4%         2d6       99%         5
 Iron Shot                Conj/Erth      2%         9d2       100%        6
 Spellforged Servitor     Conj/Summ      2%         N/A       100%        7
 Storm Form               Tmut/Air       2%         N/A       100%        7
 Maxwell's Capacitive Co  Air            2%         ∞         100%        8


Dungeon Overview and Level Annotations

Branches:
Dungeon (2/15)

Altars:
Ru


Innate Abilities, Weirdness & Mutations

You have very sharp teeth.
Your uncanny sense of smell can sniff out nearby items.
Your experience applies equally to all skills.
Potions are less effective at restoring your health.
You expend magic power (3 MP) to strengthen your wands.
You have hidden genetic defects.


Message History

You thump the gnoll!
You kill the gnoll!
The gnoll hits you from afar with a +0 spear!
* * * LOW HITPOINT WARNING * * *
Your Short Blades skill increases to level 1!
Your Long Blades skill increases to level 1!
Your Axes skill increases to level 1!
Your Polearms skill increases to level 1!
Your Staves skill increases to level 1!
Your Ranged Weapons skill increases to level 1!
Your Stealth skill increases to level 1!
Your Shields skill increases to level 1!
Your Unarmed Combat skill increases to level 1!
Your Evocations skill increases to level 1!
You feel a genetic drift.
Your system partially rejects the healing effects of potions.
Found 9 gold pieces.
Found 4 poisoned darts.
An orc comes into view. It is wielding a +0 club.
The orc shouts!
You hear a shout!
An orc comes into view. It is wielding a +0 flail.
You feel a little less mighty now.
An orc comes into view. It is wielding a +0 club.
The orc moves out of view.
The orc shouts!
An orc comes into view. It is wielding a +0 flail.
The orc shouts!
The orc hits you with a +0 club.
* * * LOW HITPOINT WARNING * * *
The orc attacks as you move away! The orc misses you.
Found 8 gold pieces.
The orc hits you with a +0 club.
* * * LOW HITPOINT WARNING * * *
You completely miss the orc. Your punch misses the orc.
The gnoll closely misses you. The orc hits you with a +0 club.
* * * LOW HITPOINT WARNING * * *
The orc barely misses you. The orc hits you but does no damage.
The orc hits you with a +0 club.
* * * LOW HITPOINT WARNING * * *
The gnoll hits you from afar with a +0 spear.
You die...

## .# .## ..## $
...################ ...
#..####...###...####..# ∆
#..###....###.go@###..#
#..###....###..oo###..#
#..##..#...#.g.#.o##..#
##..#.(##..g..##..#..##
###....###...###....#######
.###...###...###...##.....##
...#######...#######
###...#### ##g##.# #######
#......g.# #....#
...#...##.#


You could see 3 gnolls and 4 orcs.

Vanquished Creatures
  A gnoll (D:3)
  6 ball pythons
  2 endoplasms
  3 giant cockroaches (D:1)
  2 goblins (D:1)
  5 hobgoblins
  3 quokkas
  4 bats (D:1)
  A frilled lizard (D:1)
  A kobold (D:1)
  4 rats
32 creatures vanquished.

Notes
Turn   | Place    | Note
-------+----------+-------------------------------------------
     0 | D:1      | wortelefant the Gnoll Warper began the quest for the Orb.
     0 | D:1      | Reached XP level 1. HP: 20/20 MP: 6/6
   125 | D:1      | Reached XP level 2. HP: 25/26 MP: 7/7
   241 | D:1      | Found a faded altar of an unknown god.
   255 | D:1      | Prayed at the altar of an unknown god.
   255 | D:1      | Became a worshipper of Ru the Awakened
   628 | D:1      | Reached skill level 5 in Spellcasting
   628 | D:1      | Reached XP level 3. HP: 30/31 MP: 7/9
   882 | D:2      | Gained mutation: You have hidden genetic defects. [potion
                  | of mutation]
   882 | D:2      | Gained mutation: You expend magic power (3 MP) to
                  | strengthen your wands. [potion of mutation]
   893 | D:2      | Got the Monograph on Combative Ozone
   945 | D:2      | Reached skill level 1 in Invocations
  1054 | D:2      | You fall into a shaft and drop 1 floor!
  1131 | D:3      | Reached skill level 1 in Short Blades
  1131 | D:3      | Reached skill level 1 in Long Blades
  1131 | D:3      | Reached skill level 1 in Axes
  1131 | D:3      | Reached skill level 1 in Polearms
  1131 | D:3      | Reached skill level 1 in Staves
  1131 | D:3      | Reached skill level 1 in Ranged Weapons
  1131 | D:3      | Reached skill level 1 in Stealth
  1131 | D:3      | Reached skill level 1 in Shields
  1131 | D:3      | Reached skill level 1 in Unarmed Combat
  1131 | D:3      | Reached skill level 1 in Evocations
  1133 | D:3      | Gained mutation: Potions are less effective at restoring
                  | your health. [hidden defects]
  1170 | D:3      | Slain by a gnoll

Illustrated notes

Levels and vault maps discovered:
D:1:      minmay_arrival_plants_in_alcoves, layout_loops_ring,
          basic_ecumenical_altar
D:2:      layout_basic, serial_shops, nicolae_shop_advertising_works
          [nicolae_subvault_shop_adworks]
D:3:      layout_loops_ring, hangedman_glass_teeth,
          minmay_misc_feat_more_columns, uniq_robin

Skill      XL: |  1  2  3 |
---------------+----------+-----
Spellcasting   | 5 |  5.0
Invocations    | 1 |  1.0
Short Blades   | 1 |  1.0
Long Blades    | 1 |  1.0
Axes           | 1 |  1.0
Polearms       | 1 |  1.0
Staves         | 1 |  1.0
Ranged Weapons | 1 |  1.0
Stealth        | 1 |  1.0
Shields        | 1 |  1.0
Unarmed Combat | 1 |  1.0
Evocations     | 1 |  1.0
Fighting       | |  4.6
Maces & Flails | |  4.6
Throwing       | |  2.6
Armour         | |  2.6
Dodging        | |  4.6
Conjurations   | |  0.7
Hexes          | |  0.7
Summonings     | |  0.7
Necromancy     | |  0.7
Translocations | |  5.4
Transmutations | |  0.7
Fire Magic     | |  0.7
Ice Magic      | |  0.7
Air Magic      | |  0.7
Earth Magic    | |  0.7
Poison Magic   | |  0.7

Action                   || total
-------------------------++-------
Melee: Mace              ||    71
       Punch             ||     1
       Bite              ||     5
 Fire: Sling             ||     1
Throw: Boomerang         ||     7
       Stone             ||     8
  Use: Potion            ||     7
 Stab: Sleeping          ||     2
Armor: Leather armour    ||    18
Dodge: Dodged            ||    53
